cohdb
Replays
Latest Replays
All Replays
Popular Replays
Top Player Replays
Match Explorer
How It Works
Community
CoH3 Stats
Reddit
Sign in to upload your games and track your stats! →
Sign in with Steam
Match 41145694
Unlisted
Match 41145694
Overview
Messages
Build Orders
End
Pioneer Squad
Construct Infanterie Kompanie
MG 42 Machine Gun Team
Pioneer Squad
Grenadier Squad
Selects Terror Battlegroup
Selects Machine Gun Camouflage
Grenadier Squad
Construct Luftwaffe Kompanie
Construct Panzergrenadier Kompanie
Pak 40 Anti-tank Gun Team
Pak 40 Anti-tank Gun Team
Panzergrenadier Officer Quarters
Panzergrenadier Squad
Construct Panzer Kompanie
Selects Contempt for the Weak
Stoßtruppen Squad
Panzer IV Medium Tank
Selects Jericho Trumpet
Jericho Trumpet
Panzer IV Medium Tank
Side Skirts
Pioneer Squad
Pioneer Squad
Selects V1 Rocket Strike
Pak 40 Anti-tank Gun Team
Pak 40 Anti-tank Gun Team
Flekz127
JaCooLHero
LarryLuxus
SchoKaffee
0
0
Comments
sign in to comment!
No comments posted yet!